 Dungeon Crawl Stone Soup version 0.31-a0-1612-g4aaf141 (webtiles) character file.

Game seed: 10596683247005289380

4 BumDDTookMyAccount the Scratcher (level 1, 10/10 HPs)
             Began as a Felid Shapeshifter on Jan 9, 2024.
             Quit the game on level 1 of the Dungeon.
             The game lasted 00:01:34 (96 turns).

BumDDTookMyAccount the Scratcher (Felid Shapeshifter) Turns: 96, Time: 00:01:34

Health: 10/10      AC:  1    Str: 10    XL:     1   Next: 58%
Magic:  2/2        EV: 17    Int: 13    God:
Gold:   17         SH:  0    Dex: 15    Spells: 0/0 levels left
                                        Lives:  1   Deaths: 0

rFire   . .          .
                       - Unarmed
rCold   . . .        (shield unavailable)
rNeg    . . .        (body armour unavailable)
rPois   .            (helmet unavailable)
rElec   .            (cloak unavailable)
rCorr   .            (gloves unavailable)
SInv    +            (boots unavailable)
Will    .....        (no amulet)
Stlth   ++           (no ring)
HPRegen 0.21/turn    (no ring)
MPRegen 0.08/turn

%: no passive effects
@: beast-form
A: beast (slay +1), very small, claws 1, fangs 3, see invisible, shaggy fur 1,
stealthy paws, no weapons or thrown items, no armour, multi-lived
a: Begin Untransformation


You were on level 1 of the Dungeon.
You were a hulking beast.
You visited 1 branch of the dungeon, and saw 1 of its levels.

You collected 17 gold pieces.

Inventory:

Talismans
 b - a beast talisman
 c - a flux talisman
Potions
 a - 2 potions of lignification


   Skills:
 + Level 1.0 Fighting
 + Level 2.6 Dodging
 * Level 0.8 Stealth
 * Level 3.1 Unarmed Combat
 + Level 2.7 Shapeshifting


You couldn't memorise any spells.
You didn't know any spells.
Your spell library was empty.

Dungeon Overview and Level Annotations

Branches:
Dungeon (1/15)

Altars:


Innate Abilities, Weirdness & Mutations

You are a hulking beast.
Your limbs bulge with bestial killing power. (Slay +1)
You have sharp claws.
You have razor-sharp teeth.
You have supernaturally acute eyesight. (SInv)
You are covered in fur. (AC +1)
Your paws help you pounce on unaware monsters.
You are incapable of wielding weapons or throwing items.
You cannot wear armour.
You gain extra lives every three experience levels.


Message History

Found 17 gold pieces.
You pounce on the unaware helpless hobgoblin!
You claw the hobgoblin!
You kill the hobgoblin!
a - 2 potions of lignification (gained 1)
A bat comes into view.
Found 8 stones and a dagger.
A bat comes into view.
The bat barely misses you. The bat misses you.
You completely miss the bat. You bite the bat.
The bat is moderately wounded.
The bat barely misses you. The bat completely misses you.
The bat hits you but does no damage. The bat closely misses you.
You see here 17 gold pieces.
You scratch the bat.
You kill the bat!
The bat closely misses you. The bat completely misses you.
You closely miss the bat. The bat misses you. x2
You scratch the bat.
The bat is heavily wounded.
The bat hits you but does no damage. The bat hits you but does no damage.
The bat hits you but does no damage.
You scratch the bat.
You kill the bat!
No target in view!
You now have 17 gold pieces.
A quokka comes into view.
You see here 8 stones.
You claw the quokka!
You kill the quokka!
No target in view!
d - a scroll labelled WIOPUSSIUMP
As you read the scroll labelled WIOPUSSIUMP, it crumbles to dust.
The air around you briefly surges with heat, but it dissipates.
It was a scroll of immolation.
Unknown command.
Are you sure you want to abandon this character and quit the game? (Confirm with "yes".)

#≈≈≈≈≈~.## #~~≈~~~~.#
..... ### #.PP≈~≈.##
......# ..# #P.~~≈.##
#......# #.. #..~~..#
#......###.. #.~~..P##
#.##..##.. #..~....#
...##..#.# #..P~.♣.#
#.......h## #.......#
#.###.#...####
####''###
#.###........# ##..#
#.....#......# ###..##
# ##..#.#......# #...##
#. #..#.##########.###
#.###.##.##.........#
.##..).(.#..#.........#
....#....##.#.........#


There were no monsters in sight!

Vanquished Creatures
  A hobgoblin (D:1)
  A quokka (D:1)
  2 bats (D:1)
4 creatures vanquished.

Notes
Turn   | Place    | Note
-------+----------+-------------------------------------------
     0 | D:1      | BumDDTookMyAccount the Felid Shapeshifter began the quest
                  | for the Orb.
     0 | D:1      | Reached XP level 1. HP: 10/10 MP: 2/2
    96 | D:1      | Quit the game

Illustrated notes

Levels and vault maps discovered:
D:1:      lightli_arrival_windingriver, layout_rooms,
          minmay_misc_feat_secret_circle

Action                     || total
---------------------------++-------
  Melee: Unarmed           ||    13
         Bite              ||     2
    Use: Scroll            ||     1
   Stab: Sleeping          ||     1
 Armour: Skin              ||     4
  Dodge: Dodged            ||     9

Table legend: (Time is in decaauts)
 A = Elapsed time spent in this place.
 B = Non-inter-level travel time spent in this place.
 C = Inter-level travel time spent in this place.
 D = Time resting spent in this place.
 E = Time spent auto-exploring this place.
 F = Levels seen in this place.
 G = Mean time per level.
                   A        B        C        D        E       F      G
               +--------+--------+--------+--------+--------+-----+--------+
         Total |    101 |    101 |      0 |      0 |     16 |   1 |  101.0 |
       Dungeon |    101 |    101 |      0 |      0 |     16 |   1 |  101.0 |
               +--------+--------+--------+--------+--------+-----+--------+

Top non-repeatable levels by time:
     D:1: 101 daAuts
